Pick #1

Connor Bedard
Pick #2

Leo Carlsson
Pick #3

Adam Fantilli
Pick #4

Matvei Michkov
Pick #5

David Reinbacher
Pick #6

William Smith
Pick #7

Zachary Benson
Pick #8

Ryan Leonard
Pick #9

Gabriel Perreault
Pick #10

Axel Sandin-Pellika
Pick #11

Daniil But
Pick #12

Dalibor Dvorsky
Pick #13

Quentin Musty
Pick #14

Brayden Yager
Pick #15

Dmitry Simashev
Pick #16

Colby Barlow
Pick #17

Andrew Cristall
Pick #18

Easton Cowan
Pick #19

Jacob Fowler
Pick #20

Oliver Moore
Pick #21

Oliver Bonk
Pick #22

Tom Willander
Pick #23

Calum Ritchie
Pick #24

Tanner Molendyk
Pick #25

Gavin Brindley
Pick #26

Nate Danielson
Pick #27

Pick #28

Pick #29

Pick #30

Pick #31

Pick #32

Pick #33

Pick #34

Pick #35

Pick #36

Pick #37

Pick #38

Pick #39

Pick #40

Pick #41

Pick #42

Pick #43

Pick #44

Pick #45

Pick #46

Pick #47

Pick #48

Pick #49

Pick #50

Pick #51

Pick #52

Pick #53

Pick #54

Pick #55

Pick #56

Pick #57

Pick #58

Pick #59

Pick #60

Pick #61

Pick #62

Pick #63

Pick #64

Pick #65

Pick #66

Pick #67

Pick #68

Pick #69

Pick #70

Pick #71

Pick #72

Pick #73

Pick #74

Pick #75

Pick #76

Pick #77

Pick #78

Pick #79

Pick #80

Pick #81

Pick #82

Pick #83

Pick #84

Pick #85

Pick #86

Pick #87

Pick #88

Pick #89

Pick #90

Pick #91

Pick #92

Pick #93

Pick #94

Pick #95

Pick #96

Pick #97

Pick #98

Pick #99

Pick #100

Pick #101

Pick #102

Pick #103

Pick #104

Pick #105

Pick #106

Pick #107

Pick #108

Pick #109

Pick #110

Pick #111

Pick #112

Pick #113

Pick #114

Pick #115

Pick #116

Pick #117

Pick #118

Pick #119

Pick #120

Pick #121

Pick #122

Pick #123

Pick #124

Pick #125

Pick #126

Pick #127

Pick #128

Pick #129

Pick #130

Full Scoreboard »»

Rangers vs Islanders (R4)

Created - November 15, 2023 at 06:00

Goals
1 2 3 T
Rangers 0 1 0 1
Islanders 1 1 0 2
Shots
1 2 3 T
Rangers 5 8 7 20
Islanders 9 10 13 32

GoalsPenalties
1st period
1. Islanders , Pavel Buchnevich 5 (Connor McDavid 17, Jake Guentzel 6) at 11:58
Luke Schenn (NYR) for Hooking (Minor) at 6:54
2nd period
2. Rangers , Caleb Jones 1 (Casey Mittelstadt 9, Martin Fehervary 5) at 6:25 (PP)
3. Islanders , Chandler Stephenson 5 (Shayne Gostisbehere 8, Brent Burns 16) at 16:04
Jean-Gabriel Pageau (NYI) for Hooking (Minor) at 2:40
Luke Schenn (NYR) for Tripping (Minor) at 2:40
Tanner Jeannot (NYI) for Roughing (Minor) at 4:49
Brad Marchand (NYI) for Roughing (Minor) at 10:31
Justin Holl (NYI) for Roughing (Minor) at 12:47
Pavel Buchnevich (NYI) for Holding (Minor) at 17:29
3rd period
No Goal
Riley Stillman (NYR) for Hooking (Minor) at 2:12
Connor McDavid (NYI) for Goalie Interference (Minor) at 8:02
Luke Schenn (NYR) for Close Hand On Puck (Minor) at 8:02
Martin Fehervary (NYR) for Hooking (Minor) at 12:07
Connor McDavid (NYI) for Roughing (Minor) at 12:09
Luke Schenn (NYR) for Goalie Interference (Minor) at 16:32
Goalie Stats
Logan Thompson (NYR), 30 saves from 32 shots - (0.938), L, 2-4-1, 58:54 minutes
Igor Shesterkin (NYI), 19 saves from 20 shots - (0.950), W, 9-7-2, 60:00 minutes
3 StarsOfficial
1 - Chandler Stephenson (NYI)
2 - Brent Burns (NYI)
3 - Jake Guentzel (NYI)
Referees : Dave Lewis and Sean MacFarlane
Linesman : Kyle Larson and Ken Bonham
Game Note
No Game Note
Finance
Level 1 -- Attendance: 5912 (98.53%) -- Ticket Income $709,440
Level 2 -- Attendance: 3765 (75.30%) -- Ticket Income $376,500
Level 3 -- Attendance: 2000 (100.00%) -- Ticket Income $180,000
Level 4 -- Attendance: 1694 (94.37%) -- Ticket Income $110,110
Luxury Box -- Attendance: 971 (97.10%) -- Ticket Income $218,475
Game was played at the Barclays Center.
Total Attendance: 14342 (90.80%)
Total Ticket Income: $1,594,525
Other Income: $398,631
Total Income: $1,993,156



Team Name Goals Shots Shots Attemp Shots Blocked PIM HIT PP PK FO%
Rangers 12049912281 / 5 (20%)039%
Islanders 232641714320 / 4 (0%)161%

Rangers
Player Name POS G A P +/- PIM HIT SHT SB MP PP MP PP SHT PK MP PK SHT FO% FOT
Adam ErneLW000-103109:570:0000:000100% 1
Anthony BeauvillierLW0000010114:514:3400:0000% 2
Artem ZubD000-1051023:243:2002:5600% 0
Caleb JonesD1010032020:364:3220:0000% 0
Casey MittelstadtC0110002015:154:3400:00027% 15
Eric RobinsonLW000-1001213:280:0003:2910% 3
Jack QuinnRW000-1001115:413:0100:0000% 2
Jesse PuljujarviRW0000030013:423:0100:0000% 0
Juuso ParssinenC000-1012012:583:0100:00021% 14
Logan BrownC0000000013:010:0000:00067% 6
Luke KuninC0000021012:480:0002:30047% 15
Luke SchennD000-1840118:413:0101:1300% 0
Mario FerraroD000-1021120:180:3502:5600% 0
Martin FehervaryD011-1222222:213:4223:0300% 0
Nick BoninoC000-1003016:160:0003:29055% 22
Riley StillmanD0000220114:340:0001:5000% 0
Ryan LombergLW0000002016:000:0002:3010% 0
Yegor ChinakhovRW000-1001014:094:3410:0000% 0
Islanders
Player Name POS G A P +/- PIM HIT SHT SB MP PP MP PP SHT PK MP PK SHT FO% FOT
Barrett HaytonC000000307:470:1211:26067% 6
Brad MarchandLW0001224018:152:4000:5000% 0
Brent BurnsD0111042224:552:3603:4700% 0
Chandler StephensonC1011023120:372:5101:50063% 19
Connor McDavidC0111401017:382:5510:00073% 22
Jake GuentzelLW0111041020:022:5600:0000% 3
Jean-Gabriel PageauC0000214112:470:0005:24267% 18
Johnathan KovacevicD0001030110:590:0000:0000% 0
Justin HollD0001210215:260:0002:3300% 0
Kevin RooneyC000001106:160:0001:5000% 0
Kyle PalmieriC000000008:470:0000:000100% 1
Mason MarchmentLW0000032013:163:1900:00033% 6
Michael BuntingLW0001020014:210:0000:0000% 2
Neal PionkD0000062224:173:2323:5900% 0
Pavel BuchnevichLW1011214017:493:0300:00050% 2
Ryan GravesD0000012319:383:2311:1500% 0
Shayne GostisbehereD0111000524:442:3603:3600% 0
Tanner JeannotLW000021308:490:0003:502100% 1



Play-by-Play

1st period


0:01 of 1st period - Connor McDavid wins face-off versus Casey Mittelstadt in neutral zone.
0:21 of 1st period - Anthony Beauvillier is hit by Brent Burns and loses puck.
0:24 of 1st period - Shot by Casey Mittelstadt.
0:24 of 1st period - Stopped by Igor Shesterkin without a rebound.
0:25 of 1st period - Chandler Stephenson wins face-off versus Nick Bonino in Islanders zone.
0:35 of 1st period - Icing by Ryan Graves.
0:36 of 1st period - Juuso Parssinen wins face-off versus Michael Bunting in Islanders zone.
0:48 of 1st period - Caleb Jones is hit by Brad Marchand and loses puck.
1:07 of 1st period - Shot by Brad Marchand.
1:07 of 1st period - Shot Misses the Net.
1:55 of 1st period - Shot by Jean-Gabriel Pageau.
1:55 of 1st period - Stopped by Logan Thompson with a rebound.
2:03 of 1st period - Shot by Jean-Gabriel Pageau.
2:03 of 1st period - Shot Misses the Net.
2:42 of 1st period - Shot by Mario Ferraro.
2:42 of 1st period - Stopped by Igor Shesterkin with a rebound.
2:49 of 1st period - Icing by Brent Burns.
2:50 of 1st period - Connor McDavid wins face-off versus Eric Robinson in Islanders zone.
3:16 of 1st period - Icing by Brent Burns.
3:17 of 1st period - Connor McDavid wins face-off versus Casey Mittelstadt in Islanders zone.
3:23 of 1st period - Off-side.
3:24 of 1st period - Luke Kunin wins face-off versus Barrett Hayton in neutral zone.
4:00 of 1st period - Icing by Artem Zub.
4:01 of 1st period - Luke Kunin wins face-off versus Chandler Stephenson in Rangers zone.
4:08 of 1st period - Shot by Brad Marchand.
4:08 of 1st period - Shot Misses the Net.
4:10 of 1st period - Shot by Chandler Stephenson.
4:10 of 1st period - Stopped by Logan Thompson without a rebound.
4:11 of 1st period - Chandler Stephenson wins face-off versus Casey Mittelstadt in Rangers zone.
4:11 of 1st period - Chandler Stephenson is hit by Luke Schenn.
4:30 of 1st period - Casey Mittelstadt is hit by Neal Pionk and loses puck.
4:45 of 1st period - Shot by Martin Fehervary.
4:45 of 1st period - Shot Misses the Net.
4:47 of 1st period - Shot by Casey Mittelstadt.
4:47 of 1st period - Shot Blocked by Ryan Graves.
5:36 of 1st period - Nick Bonino is hit by Pavel Buchnevich and loses puck.
6:09 of 1st period - Shot by Ryan Lomberg.
6:09 of 1st period - Shot Blocked by Jean-Gabriel Pageau.
6:17 of 1st period - Shot by Ryan Lomberg.
6:17 of 1st period - Stopped by Igor Shesterkin without a rebound.
6:18 of 1st period - Barrett Hayton wins face-off versus Juuso Parssinen in Islanders zone.
6:18 of 1st period - Kevin Rooney is hit by Adam Erne.
6:24 of 1st period - Shot by Jack Quinn.
6:24 of 1st period - Stopped by Igor Shesterkin with a rebound.
6:54 of 1st period - Minor Penalty to Luke Schenn for Hooking.
6:55 of 1st period - Chandler Stephenson wins face-off versus Eric Robinson in Rangers zone.
8:33 of 1st period - Shot by Jake Guentzel.
8:33 of 1st period - Shot Blocked by Eric Robinson.
8:35 of 1st period - Shot by Jake Guentzel.
8:35 of 1st period - Shot Misses the Net.
9:01 of 1st period - Barrett Hayton is hit by Adam Erne and loses puck.
9:07 of 1st period - Icing by Justin Holl.
9:08 of 1st period - Casey Mittelstadt wins face-off versus Barrett Hayton in Islanders zone.
9:08 of 1st period - Jesse Puljujarvi is hit by Johnathan Kovacevic and loses puck.
9:17 of 1st period - Jesse Puljujarvi is hit by Tanner Jeannot and loses puck.
9:28 of 1st period - Shot by Kevin Rooney.
9:28 of 1st period - Stopped by Logan Thompson without a rebound.
9:29 of 1st period - Luke Kunin wins face-off versus Jean-Gabriel Pageau in Rangers zone.
9:29 of 1st period - Luke Kunin is hit by Mason Marchment.
10:30 of 1st period - Chandler Stephenson is hit by Riley Stillman and loses puck.
10:47 of 1st period - Shot by Michael Bunting.
10:47 of 1st period - Shot Misses the Net.
10:56 of 1st period - Michael Bunting is hit by Caleb Jones.
11:18 of 1st period - Shot by Jake Guentzel.
11:18 of 1st period - Stopped by Logan Thompson without a rebound.
11:19 of 1st period - Nick Bonino wins face-off versus Jake Guentzel in Rangers zone.
11:21 of 1st period - Mario Ferraro is hit by Jake Guentzel.
11:36 of 1st period - Pavel Buchnevich is hit by Artem Zub and loses puck.
11:56 of 1st period - Connor McDavid is hit by Artem Zub.
11:58 of 1st period - Shot by Pavel Buchnevich.
11:58 of 1st period - Goal by Pavel Buchnevich - Rangers : 0 - Islanders : 1.
11:59 of 1st period - Luke Kunin wins face-off versus Jean-Gabriel Pageau in neutral zone.
12:11 of 1st period - Shayne Gostisbehere is hit by Martin Fehervary and loses puck.
12:27 of 1st period - Brent Burns is hit by Martin Fehervary and loses puck.
12:45 of 1st period - Kyle Palmieri is hit by Luke Kunin.
12:54 of 1st period - Icing by Shayne Gostisbehere.
12:55 of 1st period - Jean-Gabriel Pageau wins face-off versus Nick Bonino in Islanders zone.
13:07 of 1st period - Icing by Brent Burns.
13:08 of 1st period - Adam Erne wins face-off versus Jean-Gabriel Pageau in Islanders zone.
13:11 of 1st period - Shot by Jack Quinn.
13:11 of 1st period - Deflect By Juuso Parssinen.
13:11 of 1st period - Shot Misses the Net.
13:59 of 1st period - Shot by Brad Marchand.
13:59 of 1st period - Stopped by Logan Thompson without a rebound.
14:00 of 1st period - Nick Bonino wins face-off versus Connor McDavid in Rangers zone.
14:00 of 1st period - Nick Bonino is hit by Jake Guentzel.
14:37 of 1st period - Icing by Johnathan Kovacevic.
14:38 of 1st period - Connor McDavid wins face-off versus Anthony Beauvillier in Islanders zone.
14:38 of 1st period - Connor McDavid is hit by Luke Schenn.
14:54 of 1st period - Shot by Pavel Buchnevich.
14:54 of 1st period - Shot Blocked by Luke Schenn.
15:11 of 1st period - Shot by Anthony Beauvillier.
15:11 of 1st period - Shot Blocked by Johnathan Kovacevic.
15:16 of 1st period - Jesse Puljujarvi is hit by Johnathan Kovacevic and loses puck.
15:54 of 1st period - Brent Burns is hit by Riley Stillman and loses puck.
15:57 of 1st period - Shot by Brad Marchand.
15:57 of 1st period - Stopped by Logan Thompson without a rebound.
15:58 of 1st period - Nick Bonino wins face-off versus Jean-Gabriel Pageau in Rangers zone.
17:06 of 1st period - Icing by Brent Burns.
17:07 of 1st period - Chandler Stephenson wins face-off versus Casey Mittelstadt in Islanders zone.
17:39 of 1st period - Shot by Jesse Puljujarvi.
17:39 of 1st period - Shot Misses the Net.
17:51 of 1st period - Shot by Casey Mittelstadt.
17:51 of 1st period - Shot Misses the Net.
18:26 of 1st period - Shot by Pavel Buchnevich.
18:26 of 1st period - Stopped by Logan Thompson without a rebound.
18:27 of 1st period - Barrett Hayton wins face-off versus Nick Bonino in Rangers zone.
18:27 of 1st period - Barrett Hayton is hit by Artem Zub.
18:39 of 1st period - Shot by Tanner Jeannot.
18:39 of 1st period - Shot Blocked by Eric Robinson.
18:41 of 1st period - Shot by Tanner Jeannot.
18:41 of 1st period - Stopped by Logan Thompson without a rebound.
18:42 of 1st period - Luke Kunin wins face-off versus Jake Guentzel in Rangers zone.
19:43 of 1st period - Shot by Nick Bonino.
19:43 of 1st period - Stopped by Igor Shesterkin with a rebound.
Goals for this period are 0 for Rangers vs 1 for Islanders.
Shots for this period are 5 for Rangers vs 9 for Islanders.

2nd period


0:01 of 2nd period - Chandler Stephenson wins face-off versus Juuso Parssinen in neutral zone.
0:12 of 2nd period - Shot by Adam Erne.
0:12 of 2nd period - Stopped by Igor Shesterkin without a rebound.
0:13 of 2nd period - Connor McDavid wins face-off versus Anthony Beauvillier in Islanders zone.
0:31 of 2nd period - Icing by Casey Mittelstadt.
0:32 of 2nd period - Casey Mittelstadt wins face-off versus Michael Bunting in Rangers zone.
0:39 of 2nd period - Shot by Anthony Beauvillier.
0:39 of 2nd period - Shot Misses the Net.
0:47 of 2nd period - Shot by Brad Marchand.
0:47 of 2nd period - Shot Misses the Net.
0:59 of 2nd period - Shot by Brad Marchand.
0:59 of 2nd period - Stopped by Logan Thompson without a rebound.
1:00 of 2nd period - Connor McDavid wins face-off versus Nick Bonino in Rangers zone.
1:08 of 2nd period - Pavel Buchnevich is hit by Mario Ferraro and loses puck.
2:21 of 2nd period - Shot by Brent Burns.
2:21 of 2nd period - Stopped by Logan Thompson without a rebound.
2:22 of 2nd period - Jean-Gabriel Pageau wins face-off versus Luke Kunin in Rangers zone.
2:22 of 2nd period - Jean-Gabriel Pageau is hit by Luke Schenn.
2:40 of 2nd period - Minor Penalty to Jean-Gabriel Pageau for Hooking.
2:40 of 2nd period - Minor Penalty to Luke Schenn for Tripping.
2:41 of 2nd period - Connor McDavid wins face-off versus Nick Bonino in Rangers zone.
2:57 of 2nd period - Off-side.
2:58 of 2nd period - Logan Brown wins face-off versus Connor McDavid in neutral zone.
3:00 of 2nd period - Martin Fehervary is hit by Neal Pionk and loses puck.
3:23 of 2nd period - Martin Fehervary is hit by Neal Pionk and loses puck.
3:41 of 2nd period - Icing by Logan Brown.
3:42 of 2nd period - Logan Brown wins face-off versus Chandler Stephenson in Rangers zone.
4:10 of 2nd period - Shot by Nick Bonino.
4:10 of 2nd period - Deflect By Ryan Lomberg.
4:10 of 2nd period - Shot Misses the Net.
4:12 of 2nd period - Shot by Nick Bonino.
4:12 of 2nd period - Shot Misses the Net.
4:49 of 2nd period - Minor Penalty to Tanner Jeannot for Roughing.
4:50 of 2nd period - Jean-Gabriel Pageau wins face-off versus Casey Mittelstadt in Islanders zone.
4:57 of 2nd period - Shot by Casey Mittelstadt.
4:57 of 2nd period - Shot Blocked by Neal Pionk.
5:05 of 2nd period - Shot by Luke Schenn.
5:05 of 2nd period - Shot Misses the Net.
5:07 of 2nd period - Shot by Luke Schenn.
5:07 of 2nd period - Shot Blocked by Brent Burns.
5:21 of 2nd period - Shot by Yegor Chinakhov.
5:21 of 2nd period - Shot Misses the Net.
5:45 of 2nd period - Justin Holl is hit by Juuso Parssinen and loses puck.
5:58 of 2nd period - Shot by Juuso Parssinen.
5:58 of 2nd period - Shot Misses the Net.
6:00 of 2nd period - Shot by Caleb Jones.
6:00 of 2nd period - Stopped by Igor Shesterkin without a rebound.
6:01 of 2nd period - Barrett Hayton wins face-off versus Casey Mittelstadt in Islanders zone.
6:01 of 2nd period - Barrett Hayton is hit by Anthony Beauvillier.
6:21 of 2nd period - Shot by Martin Fehervary.
6:21 of 2nd period - Shot Blocked by Neal Pionk.
6:23 of 2nd period - Shot by Casey Mittelstadt.
6:23 of 2nd period - Shot Blocked by Ryan Graves.
6:25 of 2nd period - Shot by Caleb Jones.
6:25 of 2nd period - Goal by Caleb Jones - Rangers : 1 - Islanders : 1.
6:26 of 2nd period - Connor McDavid wins face-off versus Luke Kunin in neutral zone.
6:45 of 2nd period - Shot by Connor McDavid.
6:45 of 2nd period - Shot Misses the Net.
7:24 of 2nd period - Connor McDavid is hit by Adam Erne and loses puck.
8:03 of 2nd period - Shot by Michael Bunting.
8:03 of 2nd period - Deflect By Chandler Stephenson.
8:03 of 2nd period - Stopped by Logan Thompson with a rebound.
8:05 of 2nd period - Shot by Brad Marchand.
8:05 of 2nd period - Shot Misses the Net.
8:11 of 2nd period - Shot by Michael Bunting.
8:11 of 2nd period - Shot Misses the Net.
8:13 of 2nd period - Shot by Ryan Graves.
8:13 of 2nd period - Shot Misses the Net.
8:15 of 2nd period - Shot by Ryan Graves.
8:15 of 2nd period - Stopped by Logan Thompson without a rebound.
8:16 of 2nd period - Jean-Gabriel Pageau wins face-off versus Nick Bonino in Rangers zone.
8:58 of 2nd period - Martin Fehervary is hit by Brent Burns and loses puck.
9:27 of 2nd period - Icing by Kevin Rooney.
9:28 of 2nd period - Barrett Hayton wins face-off versus Casey Mittelstadt in Islanders zone.
9:28 of 2nd period - Tanner Jeannot is hit by Jesse Puljujarvi and loses puck.
9:35 of 2nd period - Tanner Jeannot is hit by Jesse Puljujarvi.
9:42 of 2nd period - Barrett Hayton is hit by Mario Ferraro and loses puck.
10:31 of 2nd period - Minor Penalty to Brad Marchand for Roughing.
10:32 of 2nd period - Jean-Gabriel Pageau wins face-off versus Juuso Parssinen in Islanders zone.
10:40 of 2nd period - Martin Fehervary is hit by Neal Pionk and loses puck.
10:56 of 2nd period - Icing by Martin Fehervary.
10:57 of 2nd period - Jean-Gabriel Pageau wins face-off versus Juuso Parssinen in Rangers zone.
11:10 of 2nd period - Shot by Tanner Jeannot.
11:10 of 2nd period - Stopped by Logan Thompson without a rebound.
11:11 of 2nd period - Casey Mittelstadt wins face-off versus Chandler Stephenson in Rangers zone.
11:27 of 2nd period - Luke Schenn is hit by Chandler Stephenson and loses puck.
11:39 of 2nd period - Icing by Artem Zub.
11:40 of 2nd period - Tanner Jeannot wins face-off versus Casey Mittelstadt in Rangers zone.
11:48 of 2nd period - Jean-Gabriel Pageau is hit by Luke Schenn and loses puck.
11:55 of 2nd period - Shot by Jean-Gabriel Pageau.
11:55 of 2nd period - Stopped by Logan Thompson with a rebound.
11:59 of 2nd period - Shot by Tanner Jeannot.
11:59 of 2nd period - Stopped by Logan Thompson with a rebound.
12:01 of 2nd period - Shot by Brent Burns.
12:01 of 2nd period - Shot Blocked by Anthony Beauvillier.
12:03 of 2nd period - Shot by Tanner Jeannot.
12:03 of 2nd period - Deflect By Jean-Gabriel Pageau.
12:03 of 2nd period - Stopped by Logan Thompson without a rebound.
12:04 of 2nd period - Jean-Gabriel Pageau wins face-off versus Juuso Parssinen in Rangers zone.
12:13 of 2nd period - Shot by Caleb Jones.
12:13 of 2nd period - Shot Blocked by Shayne Gostisbehere.
12:15 of 2nd period - Shot by Martin Fehervary.
12:15 of 2nd period - Stopped by Igor Shesterkin without a rebound.
12:16 of 2nd period - Chandler Stephenson wins face-off versus Juuso Parssinen in Islanders zone.
12:22 of 2nd period - Icing by Jack Quinn.
12:23 of 2nd period - Jean-Gabriel Pageau wins face-off versus Juuso Parssinen in Rangers zone.
12:32 of 2nd period - Shot by Brad Marchand.
12:32 of 2nd period - Shot Misses the Net.
12:39 of 2nd period - Logan Brown is hit by Justin Holl and loses puck.
12:47 of 2nd period - Minor Penalty to Justin Holl for Roughing.
12:48 of 2nd period - Casey Mittelstadt wins face-off versus Jean-Gabriel Pageau in Islanders zone.
13:23 of 2nd period - Shot by Martin Fehervary.
13:23 of 2nd period - Stopped by Igor Shesterkin without a rebound.
13:24 of 2nd period - Jean-Gabriel Pageau wins face-off versus Juuso Parssinen in Islanders zone.
14:38 of 2nd period - Shot by Yegor Chinakhov.
14:38 of 2nd period - Shot Blocked by Ryan Graves.
14:40 of 2nd period - Shot by Caleb Jones.
14:40 of 2nd period - Shot Blocked by Shayne Gostisbehere.
14:42 of 2nd period - Shot by Yegor Chinakhov.
14:42 of 2nd period - Shot Misses the Net.
14:44 of 2nd period - Shot by Yegor Chinakhov.
14:44 of 2nd period - Stopped by Igor Shesterkin without a rebound.
14:45 of 2nd period - Chandler Stephenson wins face-off versus Juuso Parssinen in Islanders zone.
14:57 of 2nd period - Pavel Buchnevich is hit by Caleb Jones and loses puck.
15:10 of 2nd period - Shot by Pavel Buchnevich.
15:10 of 2nd period - Shot Misses the Net.
15:42 of 2nd period - Shot by Nick Bonino.
15:42 of 2nd period - Stopped by Igor Shesterkin without a rebound.
15:43 of 2nd period - Chandler Stephenson wins face-off versus Jack Quinn in Islanders zone.
16:04 of 2nd period - Shot by Chandler Stephenson.
16:04 of 2nd period - Goal by Chandler Stephenson - Rangers : 1 - Islanders : 2.
16:05 of 2nd period - Jean-Gabriel Pageau wins face-off versus Casey Mittelstadt in neutral zone.
16:18 of 2nd period - Jean-Gabriel Pageau is hit by Jesse Puljujarvi and loses puck.
16:29 of 2nd period - Shot by Jean-Gabriel Pageau.
16:29 of 2nd period - Shot Blocked by Mario Ferraro.
16:31 of 2nd period - Shot by Jean-Gabriel Pageau.
16:31 of 2nd period - Stopped by Logan Thompson without a rebound.
16:32 of 2nd period - Chandler Stephenson wins face-off versus Juuso Parssinen in Rangers zone.
17:09 of 2nd period - Shot by Brad Marchand.
17:09 of 2nd period - Deflect By Michael Bunting.
17:09 of 2nd period - Shot Misses the Net.
17:11 of 2nd period - Shot by Michael Bunting.
17:11 of 2nd period - Shot Blocked by Martin Fehervary.
17:29 of 2nd period - Minor Penalty to Pavel Buchnevich for Holding.
17:30 of 2nd period - Jean-Gabriel Pageau wins face-off versus Casey Mittelstadt in Islanders zone.
18:35 of 2nd period - Shot by Jean-Gabriel Pageau.
18:35 of 2nd period - Shot Blocked by Jack Quinn.
18:41 of 2nd period - Mario Ferraro is hit by Jean-Gabriel Pageau and loses puck.
19:13 of 2nd period - Casey Mittelstadt is hit by Kevin Rooney and loses puck.
19:17 of 2nd period - Caleb Jones is hit by Chandler Stephenson and loses puck.
19:22 of 2nd period - Shot by Caleb Jones.
19:22 of 2nd period - Shot Blocked by Justin Holl.
19:24 of 2nd period - Shot by Martin Fehervary.
19:24 of 2nd period - Shot Blocked by Justin Holl.
19:26 of 2nd period - Shot by Martin Fehervary.
19:26 of 2nd period - Shot Blocked by Shayne Gostisbehere.
19:40 of 2nd period - Shot by Luke Kunin.
19:40 of 2nd period - Stopped by Igor Shesterkin without a rebound.
19:41 of 2nd period - Luke Kunin wins face-off versus Pavel Buchnevich in Islanders zone.
Goals for this period are 1 for Rangers vs 1 for Islanders.
Shots for this period are 8 for Rangers vs 10 for Islanders.

3rd period


0:01 of 3rd period - Nick Bonino wins face-off versus Chandler Stephenson in neutral zone.
0:05 of 3rd period - Nick Bonino is hit by Brent Burns.
0:21 of 3rd period - Shot by Chandler Stephenson.
0:21 of 3rd period - Shot Misses the Net.
0:23 of 3rd period - Shot by Brent Burns.
0:23 of 3rd period - Shot Blocked by Riley Stillman.
0:26 of 3rd period - Chandler Stephenson is hit by Caleb Jones and loses puck.
0:32 of 3rd period - Icing by Nick Bonino.
0:33 of 3rd period - Connor McDavid wins face-off versus Eric Robinson in Rangers zone.
0:36 of 3rd period - Shot by Pavel Buchnevich.
0:36 of 3rd period - Shot Misses the Net.
0:38 of 3rd period - Shot by Pavel Buchnevich.
0:38 of 3rd period - Shot Misses the Net.
0:40 of 3rd period - Shot by Pavel Buchnevich.
0:40 of 3rd period - Stopped by Logan Thompson without a rebound.
0:41 of 3rd period - Connor McDavid wins face-off versus Casey Mittelstadt in Rangers zone.
0:52 of 3rd period - Shot by Jake Guentzel.
0:52 of 3rd period - Shot Misses the Net.
0:54 of 3rd period - Shot by Pavel Buchnevich.
0:54 of 3rd period - Stopped by Logan Thompson without a rebound.
0:55 of 3rd period - Chandler Stephenson wins face-off versus Jack Quinn in Rangers zone.
0:56 of 3rd period - Shot by Shayne Gostisbehere.
0:56 of 3rd period - Shot Hit the Post.
1:30 of 3rd period - Shot by Brad Marchand.
1:30 of 3rd period - Shot Misses the Net.
2:12 of 3rd period - Minor Penalty to Riley Stillman for Hooking.
2:13 of 3rd period - Connor McDavid wins face-off versus Luke Kunin in Rangers zone.
2:22 of 3rd period - Shot by Ryan Graves.
2:22 of 3rd period - Stopped by Logan Thompson with a rebound.
2:24 of 3rd period - Shot by Ryan Graves.
2:24 of 3rd period - Shot Misses the Net.
2:26 of 3rd period - Shot by Neal Pionk.
2:26 of 3rd period - Shot Blocked by Martin Fehervary.
2:28 of 3rd period - Shot by Neal Pionk.
2:28 of 3rd period - Stopped by Logan Thompson without a rebound.
2:29 of 3rd period - Chandler Stephenson wins face-off versus Nick Bonino in Rangers zone.
2:45 of 3rd period - Neal Pionk is hit by Artem Zub and loses puck.
3:04 of 3rd period - Shot by Pavel Buchnevich.
3:04 of 3rd period - Shot Misses the Net.
3:18 of 3rd period - Shot by Nick Bonino.
3:18 of 3rd period - Shot Blocked by Shayne Gostisbehere.
4:02 of 3rd period - Shot by Neal Pionk.
4:02 of 3rd period - Deflect By Barrett Hayton.
4:02 of 3rd period - Stopped by Logan Thompson without a rebound.
4:03 of 3rd period - Connor McDavid wins face-off versus Luke Kunin in Rangers zone.
4:04 of 3rd period - Shot by Neal Pionk.
4:04 of 3rd period - Shot Misses the Net.
4:06 of 3rd period - Shot by Neal Pionk.
4:06 of 3rd period - Stopped by Logan Thompson without a rebound.
4:07 of 3rd period - Pavel Buchnevich wins face-off versus Luke Kunin in Rangers zone.
4:34 of 3rd period - Shot by Casey Mittelstadt.
4:34 of 3rd period - Stopped by Igor Shesterkin without a rebound.
4:35 of 3rd period - Connor McDavid wins face-off versus Nick Bonino in Islanders zone.
5:09 of 3rd period - Shot by Artem Zub.
5:09 of 3rd period - Stopped by Igor Shesterkin without a rebound.
5:10 of 3rd period - Chandler Stephenson wins face-off versus Luke Kunin in Islanders zone.
5:10 of 3rd period - Chandler Stephenson is hit by Luke Kunin.
5:20 of 3rd period - Logan Brown is hit by Michael Bunting and loses puck.
6:25 of 3rd period - Anthony Beauvillier is hit by Brad Marchand and loses puck.
6:44 of 3rd period - Shot by Jesse Puljujarvi.
6:44 of 3rd period - Shot Blocked by Shayne Gostisbehere.
6:46 of 3rd period - Shot by Riley Stillman.
6:46 of 3rd period - Shot Blocked by Brent Burns.
6:48 of 3rd period - Shot by Anthony Beauvillier.
6:48 of 3rd period - Shot Blocked by Chandler Stephenson.
7:08 of 3rd period - Shot by Nick Bonino.
7:08 of 3rd period - Stopped by Igor Shesterkin without a rebound.
7:09 of 3rd period - Juuso Parssinen wins face-off versus Jake Guentzel in Islanders zone.
8:02 of 3rd period - Minor Penalty to Connor McDavid for Goalie Interference.
8:02 of 3rd period - Minor Penalty to Luke Schenn for Close Hand On Puck.
8:03 of 3rd period - Nick Bonino wins face-off versus Mason Marchment in Rangers zone.
8:18 of 3rd period - Shot by Mason Marchment.
8:18 of 3rd period - Shot Misses the Net.
9:05 of 3rd period - Barrett Hayton is hit by Artem Zub and loses puck.
9:13 of 3rd period - Icing by Artem Zub.
9:14 of 3rd period - Logan Brown wins face-off versus Mason Marchment in Rangers zone.
9:14 of 3rd period - Logan Brown is hit by Mason Marchment.
9:26 of 3rd period - Icing by Shayne Gostisbehere.
9:27 of 3rd period - Mason Marchment wins face-off versus Logan Brown in Islanders zone.
9:38 of 3rd period - Shot by Brent Burns.
9:38 of 3rd period - Stopped by Logan Thompson without a rebound.
9:39 of 3rd period - Nick Bonino wins face-off versus Mason Marchment in Rangers zone.
10:19 of 3rd period - Jesse Puljujarvi is hit by Johnathan Kovacevic and loses puck.
10:30 of 3rd period - Shot by Barrett Hayton.
10:30 of 3rd period - Stopped by Logan Thompson without a rebound.
10:31 of 3rd period - Juuso Parssinen wins face-off versus Chandler Stephenson in Rangers zone.
10:31 of 3rd period - Juuso Parssinen is hit by Michael Bunting.
11:10 of 3rd period - Shot by Juuso Parssinen.
11:10 of 3rd period - Stopped by Igor Shesterkin without a rebound.
11:11 of 3rd period - Nick Bonino wins face-off versus Connor McDavid in Islanders zone.
11:11 of 3rd period - Nick Bonino is hit by Neal Pionk.
11:42 of 3rd period - Icing by Martin Fehervary.
11:43 of 3rd period - Nick Bonino wins face-off versus Jean-Gabriel Pageau in Rangers zone.
12:07 of 3rd period - Minor Penalty to Martin Fehervary for Hooking.
12:08 of 3rd period - Luke Kunin wins face-off versus Connor McDavid in Rangers zone.
12:08 of 3rd period - Luke Kunin is hit by Jake Guentzel.
12:09 of 3rd period - Minor Penalty to Connor McDavid for Roughing.
12:10 of 3rd period - Logan Brown wins face-off versus Mason Marchment in Islanders zone.
12:19 of 3rd period - Shot by Jake Guentzel.
12:19 of 3rd period - Deflect By Mason Marchment.
12:19 of 3rd period - Stopped by Logan Thompson without a rebound.
12:20 of 3rd period - Mason Marchment wins face-off versus Logan Brown in Rangers zone.
13:01 of 3rd period - Shot by Mason Marchment.
13:01 of 3rd period - Stopped by Logan Thompson with a rebound.
13:27 of 3rd period - Nick Bonino is hit by Ryan Graves and loses puck.
13:52 of 3rd period - Icing by Luke Schenn.
13:53 of 3rd period - Kyle Palmieri wins face-off versus Nick Bonino in Rangers zone.
14:05 of 3rd period - Nick Bonino is hit by Neal Pionk and loses puck.
15:21 of 3rd period - Shot by Barrett Hayton.
15:21 of 3rd period - Stopped by Logan Thompson without a rebound.
15:22 of 3rd period - Jean-Gabriel Pageau wins face-off versus Juuso Parssinen in Rangers zone.
15:31 of 3rd period - Shot by Juuso Parssinen.
15:31 of 3rd period - Stopped by Igor Shesterkin without a rebound.
15:32 of 3rd period - Connor McDavid wins face-off versus Luke Kunin in Islanders zone.
15:53 of 3rd period - Off-side.
15:54 of 3rd period - Nick Bonino wins face-off versus Chandler Stephenson in neutral zone.
16:13 of 3rd period - Shot by Brad Marchand.
16:13 of 3rd period - Stopped by Logan Thompson without a rebound.
16:14 of 3rd period - Connor McDavid wins face-off versus Luke Kunin in Rangers zone.
16:32 of 3rd period - Minor Penalty to Luke Schenn for Goalie Interference.
16:33 of 3rd period - Nick Bonino wins face-off versus Chandler Stephenson in Rangers zone.
16:33 of 3rd period - Nick Bonino is hit by Mason Marchment.
17:37 of 3rd period - Shot by Connor McDavid.
17:37 of 3rd period - Stopped by Logan Thompson without a rebound.
17:38 of 3rd period - Connor McDavid wins face-off versus Nick Bonino in Rangers zone.
17:51 of 3rd period - Shot by Ryan Lomberg.
17:51 of 3rd period - Stopped by Igor Shesterkin without a rebound.
17:52 of 3rd period - Nick Bonino wins face-off versus Connor McDavid in Islanders zone.
17:53 of 3rd period - Shot by Eric Robinson.
17:53 of 3rd period - Stopped by Igor Shesterkin without a rebound.
17:54 of 3rd period - Nick Bonino wins face-off versus Connor McDavid in Islanders zone.
18:24 of 3rd period - Artem Zub is hit by Jake Guentzel and loses puck.
18:54 of 3rd period - Rangers, Logan Thompson is pulled from the net.
19:09 of 3rd period - Luke Kunin is hit by Brent Burns and loses puck.
19:59 of 3rd period - Shot by Casey Mittelstadt.
19:59 of 3rd period - Shot Misses the Net.
Goals for this period are 0 for Rangers vs 0 for Islanders.
Shots for this period are 7 for Rangers vs 13 for Islanders.